 Dungeon Crawl Stone Soup version 0.29.1-15-g9cfb28693d (webtiles) character file.

Game seed: 13831945138694654600

21 croobank the Sneak (level 2, 0/21 HPs)
             Began as an Octopode Delver on Mar 5, 2023.
             Slain by an orc wizard
             ... wielding a +0 dagger
              (3 damage)
             ... on level 3 of the Dungeon.
             The game lasted 00:02:43 (895 turns).

croobank the Sneak (Octopode Delver)                 Turns: 895, Time: 00:02:44

Health: 0/21       AC:  1    Str: 11    XL:     2   Next: 87%
Magic:  2/2        EV: 13    Int: 12    God:
Gold:   80         SH:  0    Dex: 13    Spells: 1/1 levels left

rFire   . . .      SeeInvis .   a - +0 hand axe
rCold   . . .      Faith    .   (no shield)
rNeg    . . .      Spirit   .   (helmet restricted)
rPois   .          Reflect  .   (no amulet)
rElec   .          Harm     .   (no ring)
rCorr   .          Rampage  .   (no ring)
Will    .....                   (no ring)
Stlth   ++++......              (no ring)
HPRegen 0.07/turn               (no ring)
MPRegen 0.08/turn               (no ring)
                                (no ring)
                                (no ring)

@: flying, hasted, very quick
A: almost no armour, amphibious, 8 rings, camouflage 1, gelatinous body 1,
(nimble swimmer 1), tentacles
a: no special abilities


You were on level 3 of the Dungeon.
You visited 2 branches of the dungeon, and saw 6 of its levels.

You collected 80 gold pieces.

Inventory:

Hand Weapons
 a - a +0 hand axe (weapon)
Wands
 f - a wand of digging (3)
 g - a wand of flame (13)
Scrolls
 b - a scroll of fog
 c - a scroll of identify {unknown}
 d - a scroll of fear
 i - a scroll of enchant armour {unknown}
 j - a scroll of silence {unknown}
 l - a scroll of teleportation {unknown}


   Skills:
 + Level 3.2 Fighting
 + Level 2.3 Axes
 + Level 2.3 Dodging
 + Level 6.9 Stealth


You had one spell level left.
You didn't know any spells.
Your spell library was empty.

Dungeon Overview and Level Annotations

Branches:
Dungeon (7/15)             Temple (1/1) D:7

Altars:
Ashenzari
Cheibriados
Dithmenos
Fedhas
Hepliaklqana
Kikubaaqudgha
Nemelex Xobeh
Okawaru
Qazlal
Ru
Sif Muna
Trog
Uskayaw
Vehumet
Xom
Yredelemnul
The Shining One


Innate Abilities, Weirdness & Mutations

You cannot wear most types of armour.
You are amphibious.
You can wear up to eight rings at the same time.
Your skin changes colour to match your surroundings (Stealth+).
Your rubbery body absorbs attacks. (AC +1, EV +1)
((You are camouflaged when in or above water. (Stealth+)))
You have tentacles for arms and can constrict up to eight enemies at once.


Message History

An orc wizard comes into view. It is wielding a +0 dagger.
The gnoll hits you with a +0 club!
You hit the gnoll but do no damage.
The gnoll is almost dead.
You barely miss the ball python. You constrict the gnoll.
You kill the gnoll!
The bat misses you. The bat completely misses you.
The ball python barely misses you. x2
An orc comes into view. It is wielding a +0 club.
The ball python barely misses you. x2
The bat barely misses you.
The orc wizard gestures wildly while chanting.
The orc wizard flickers and vanishes!
Deactivating autopickup; reactivate with Ctrl-A.
The ball python attacks as you move away!
The ball python bites you. The bat hits you.
Found a brown potion and a scroll of fear.
The gnoll attacks as you move away! The gnoll closely misses you.
You see here a brown potion.
You feel yourself speed up. The gnoll barely misses you.
It was a potion of flight.
You feel very buoyant.
You fly up into the air.
The gnoll barely misses you.
It was a potion of curing.
You feel better. The gnoll hits you with a +0 flail!
You barely miss the gnoll. You grab the gnoll.
You constrict the gnoll, but do no damage.
You hit the gnoll.
The gnoll is moderately wounded.
You constrict the gnoll. The gnoll misses you.
You hit something. You hit the gnoll. You constrict the gnoll.
Something hits you. The gnoll barely misses you.
You closely miss something. You hit the gnoll but do no damage.
You constrict the gnoll. The gnoll hits you with a +0 flail!
* * * LOW HITPOINT WARNING * * *
Something hits you.
* * * LOW HITPOINT WARNING * * *
You hit the gnoll.
You kill the gnoll!
You hit something but do no damage. Something hits you.
You die...

.. ?# # .# ##.#
.# ... .##.##
#####.#...###
#@)g#........
#.###b##...# #.
#.b.#.#
#.###.#.#.###.#
......o.....$.#
###.#.#........
##...)#.......
#...{...#.#.##
#.......#.# #


You could see a gnoll and a bat.

Vanquished Creatures
  2 gnolls (D:3)
  A white imp (D:5)
  An orc (D:5)
  2 kobolds (D:4)
6 creatures vanquished.

Notes
Turn   | Place    | Note
-------+----------+-------------------------------------------
     0 | D:5      | croobank the Octopode Delver began the quest for the Orb.
     0 | D:5      | Reached XP level 1. HP: 16/16 MP: 1/1
    39 | D:7      | Found a staircase to the Ecumenical Temple.
    58 | Temple   | Entered the Ecumenical Temple
    79 | Temple   | Noticed a lava snake
    83 | Temple   | Noticed a lava snake
   106 | Temple   | Noticed a lava snake
   117 | Temple   | Noticed a lava snake
   122 | Temple   | Noticed a lava snake
   126 | Temple   | Noticed a lava snake
   286 | D:5      | Found an ancient bone altar of Kikubaaqudgha.
   286 | D:5      | Found a hazy altar of Hepliaklqana.
   407 | D:5      | Reached XP level 2. HP: 5/21 MP: 2/2
   757 | D:4      | Found a glowing golden altar of the Shining One.
   762 | D:4      | Noticed a howler monkey
   895 | D:3      | Slain by an orc wizard

Illustrated notes

Levels and vault maps discovered:
D:3:      layout_loops_ring
D:4:      kennysheep_slugbush, layout_layer_cave,
          nicolae_overflow_crystal_walls, kennysheep_path_1, uniq_sigmund
D:5:      layout_basic, jmf_multi_god_temple, serial_shops,
          nicolae_shop_bloodbath_and_beyond
D:6:      kennysheep_spiral_hall, layout_cave_pools, mainiacjoe_overflow_swirl,
          hellmonk_bongcloud_opening, nicolae_shop_i_like_big_books
D:7:      layout_basic, minmay_temple_entry_statues_pillars,
          nicolae_concentric_dashed_squares_mild
Temple:   compressed_dpeg_circular_temple

Action                   || total
-------------------------++-------
Melee: Hand axe          ||    17
       Constrict         ||     5
       Tentacles         ||     1
  Use: Scroll            ||     1
       Potion            ||     3
Armor: Skin              ||     1
Dodge: Dodged            ||    24
